[ PARTIDA AOE2 · #476513610 ]
1v1 EWTeutones vs Hindustanis
Equipo del jugador · VICT
Equipo rival · DERR
[ ANÁLISIS DE REPETICIÓN · EXTRAÍDO DE LA PARTIDA GRABADA ]
Feudal
—
Castillos
14:56
Imperial
25:37
| APM promedio | 15.3 |
| APM pico | 51 |
| eAPM promedio | 12.8 |
| Aldeanos / militares | 61 / 152 |
Foco
⚔️ 50.6% · 🌾 49.4%
Teutonic Knight ×68 · Spearman ×35 · Skirmisher ×22 · Knight ×17 · Trebuchet (Packed) ×6 · Archer ×4
Feudal
—
Castillos
8:32
Imperial
23:29
| APM promedio | 16.6 |
| APM pico | 55 |
| eAPM promedio | 10.7 |
| Aldeanos / militares | 22 / 113 |
Foco
⚔️ 47.2% · 🌾 52.8%
Skirmisher ×50 · Camel Scout ×27 · Scout Cavalry ×15 · Monk ×8 · Archer ×6 · Trebuchet (Packed) ×5
Mapa de la partida
Recursos al inicio + cada clic de construcción. Línea gruesa = muro · recuadro discontinuo = muro de casas detectado. 🟡 oro · ⚪ piedra · 🟢 bayas · 🔶 jabalí · ⭕ reliquia
Inputs por minuto
— pbarnier543 - - AYUDIOS
Build order — pbarnier543
Primeras 150 de 333 acciones detectadas
| 0:47 | Investigar | Wheelbarrow |
| 0:49 | Investigar | Town Watch |
| 0:59 | Construir | House |
| 1:00 | Construir | House |
| 1:02 | Construir | House |
| 1:03 | Construir | House |
| 1:05 | Construir | House |
| 1:09 | Crear | Villager (Male) |
| 1:11 | Crear | Villager (Male) |
| 1:16 | Crear | Villager (Male) |
| 1:54 | Construir | Archery Range |
| 2:04 | Construir | Farm |
| 2:05 | Construir | Farm |
| 2:10 | Construir | Farm |
| 2:15 | Crear | Villager (Male) |
| 2:15 | Crear | Villager (Male) |
| 2:15 | Crear | Villager (Male) |
| 2:24 | Investigar | Double-Bit Axe |
| 2:37 | Crear | Villager (Male) |
| 2:38 | Crear | Villager (Male) |
| 3:09 | Construir | Stable |
| 3:12 | Crear | Archer |
| 3:13 | Crear | Archer |
| 3:13 | Crear | Archer |
| 3:13 | Crear | Archer |
| 3:17 | Crear | Skirmisher |
| 3:17 | Crear | Skirmisher |
| 3:17 | Crear | Skirmisher |
| 3:18 | Crear | Skirmisher |
| 3:22 | Crear | Spearman |
| 3:22 | Crear | Spearman |
| 3:22 | Crear | Spearman |
| 3:31 | Crear | Villager (Male) |
| 3:44 | Investigar | Fletching |
| 3:55 | Construir | House |
| 3:56 | Construir | House |
| 4:00 | Construir | House |
| 4:01 | Construir | House |
| 4:06 | Crear | Villager (Male) |
| 4:15 | Crear | Villager (Male) |
| 4:24 | Crear | Skirmisher |
| 4:24 | Crear | Skirmisher |
| 4:27 | Crear | Skirmisher |
| 4:39 | Investigar | Padded Archer Armor |
| 5:02 | Construir | Mining Camp |
| 5:06 | Crear | Villager (Male) |
| 5:06 | Crear | Villager (Male) |
| 5:15 | Crear | Spearman |
| 5:16 | Crear | Spearman |
| 5:45 | Construir | Farm |
| 5:47 | Construir | Farm |
| 5:49 | Construir | Farm |
| 5:53 | Construir | Farm |
| 5:54 | Construir | Farm |
| 6:01 | Crear | Villager (Male) |
| 6:08 | Investigar | Gold Mining |
| 6:47 | Investigar | Stone Mining |
| 6:51 | Crear | Spearman |
| 6:57 | Crear | Spearman |
| 7:16 | Construir | Farm |
| 7:24 | Crear | Villager (Male) |
| 7:26 | Crear | Villager (Male) |
| 7:57 | Investigar | Forging |
| 8:11 | Crear | Villager (Male) |
| 8:13 | Crear | Villager (Male) |
| 8:30 | Construir | Farm |
| 8:38 | Construir | Farm |
| 8:49 | Crear | Spearman |
| 8:49 | Crear | Spearman |
| 9:06 | Crear | Skirmisher |
| 9:08 | Crear | Skirmisher |
| 9:44 | Crear | Villager (Male) |
| 10:02 | Construir | Farm |
| 10:20 | Crear | Spearman |
| 10:22 | Crear | Spearman |
| 10:34 | Crear | Villager (Male) |
| 10:34 | Crear | Villager (Male) |
| 10:50 | Construir | Farm |
| 11:22 | Investigar | Horse Collar |
| 12:16 | Investigar | Castle Age |
| 12:31 | Investigar | Scale Mail Armor |
| 12:55 | Crear | Villager (Male) |
| 12:56 | Crear | Villager (Male) |
| 12:56 | Crear | Villager (Male) |
| 13:22 | Investigar | Bloodlines |
| 13:49 | Investigar | Scale Barding Armor |
| 14:06 | Crear | Villager (Male) |
| 14:52 | Crear | Villager (Male) |
| 14:56 | Edad | Edad de los Castillos |
| 15:04 | Construir | Town Center |
| 15:24 | Construir | Castle |
| 15:31 | Investigar | Elite Skirmisher (upgrade) |
| 15:34 | Investigar | Squires |
| 15:35 | Investigar | Arson |
| 15:37 | Investigar | Pikeman (upgrade) |
| 15:41 | Investigar | Iron Casting |
| 16:05 | Construir | University |
| 16:16 | Investigar | Chain Mail Armor |
| 16:41 | Construir | Castle |
| 17:32 | Investigar | Hand Cart |
| 17:40 | Investigar | Ballistics |
| 17:41 | Investigar | Masonry |
| 17:51 | Construir | House |
| 17:52 | Construir | House |
| 17:53 | Construir | House |
| 17:54 | Construir | House |
| 17:54 | Construir | House |
| 18:21 | Construir | Mining Camp |
| 18:29 | Investigar | Bodkin Arrow |
| 18:41 | Construir | Farm |
| 18:44 | Construir | Farm |
| 18:45 | Construir | Farm |
| 18:47 | Construir | Farm |
| 18:49 | Construir | Farm |
| 18:52 | Construir | Farm |
| 18:53 | Construir | Farm |
| 18:55 | Construir | Farm |
| 18:58 | Crear | Villager (Male) |
| 18:58 | Crear | Villager (Male) |
| 18:59 | Crear | Villager (Male) |
| 18:59 | Crear | Villager (Male) |
| 18:59 | Crear | Villager (Male) |
| 19:00 | Crear | Villager (Male) |
| 19:00 | Crear | Villager (Male) |
| 19:14 | Investigar | Bow Saw |
| 20:00 | Construir | House |
| 20:00 | Construir | House |
| 20:01 | Construir | House |
| 20:01 | Construir | House |
| 20:01 | Construir | House |
| 20:02 | Construir | House |
| 20:04 | Construir | House |
| 20:10 | Investigar | Chain Barding Armor |
| 20:33 | Investigar | Leather Archer Armor |
| 21:09 | Crear | Villager (Male) |
| 21:09 | Crear | Villager (Male) |
| 21:10 | Crear | Villager (Male) |
| 21:33 | Crear | Villager (Male) |
| 21:34 | Crear | Villager (Male) |
| 21:50 | Construir | Farm |
| 22:27 | Investigar | Imperial Age |
| 22:39 | Construir | House |
| 22:39 | Construir | House |
| 22:39 | Construir | House |
| 22:40 | Construir | House |
| 22:40 | Construir | House |
| 22:40 | Construir | House |
| 22:40 | Construir | House |
| 22:41 | Construir | House |
| 22:52 | Investigar | Gambesons |
Build order — AYUDIOS
Primeras 150 de 219 acciones detectadas
| 0:26 | Construir | Market |
| 0:53 | Investigar | Horse Collar |
| 1:20 | Crear | Villager (Male) |
| 1:20 | Crear | Villager (Male) |
| 1:20 | Crear | Villager (Male) |
| 2:57 | Construir | Mining Camp |
| 3:20 | Crear | Villager (Male) |
| 3:31 | Crear | Villager (Male) |
| 4:26 | Crear | Villager (Male) |
| 5:52 | Investigar | Castle Age |
| 6:45 | Construir | Stable |
| 6:49 | Construir | Stable |
| 6:56 | Construir | House |
| 6:59 | Construir | House |
| 7:01 | Construir | House |
| 8:03 | Investigar | Wheelbarrow |
| 8:06 | Crear | Villager (Male) |
| 8:06 | Crear | Villager (Male) |
| 8:06 | Crear | Villager (Male) |
| 8:07 | Crear | Villager (Male) |
| 8:12 | Investigar | Double-Bit Axe |
| 8:16 | Investigar | Stone Mining |
| 8:32 | Edad | Edad de los Castillos |
| 8:49 | Investigar | Gold Mining |
| 9:18 | Construir | Farm |
| 9:20 | Construir | Farm |
| 9:23 | Construir | Farm |
| 9:24 | Construir | Farm |
| 9:32 | Construir | Farm |
| 9:41 | Investigar | Bow Saw |
| 10:55 | Construir | Mill |
| 11:08 | Investigar | Light Cavalry (upgrade) |
| 11:29 | Investigar | Stone Shaft Mining |
| 11:42 | Crear | Villager (Male) |
| 11:42 | Crear | Villager (Male) |
| 12:08 | Construir | Archery Range |
| 12:10 | Construir | Archery Range |
| 12:24 | Crear | Camel Scout |
| 12:24 | Crear | Camel Scout |
| 12:25 | Crear | Camel Scout |
| 12:25 | Crear | Camel Scout |
| 12:38 | Construir | Farm |
| 12:54 | Crear | Skirmisher |
| 12:55 | Crear | Skirmisher |
| 12:55 | Crear | Skirmisher |
| 13:01 | Investigar | Padded Archer Armor |
| 13:13 | Crear | Skirmisher |
| 13:14 | Crear | Skirmisher |
| 13:14 | Crear | Skirmisher |
| 13:14 | Crear | Skirmisher |
| 13:34 | Crear | Skirmisher |
| 14:15 | Construir | Monastery |
| 14:39 | Construir | House |
| 14:40 | Construir | House |
| 14:45 | Crear | Monk |
| 14:45 | Crear | Monk |
| 14:45 | Crear | Monk |
| 15:04 | Construir | House |
| 15:05 | Construir | House |
| 15:33 | Crear | Monk |
| 15:47 | Crear | Villager (Male) |
| 15:47 | Crear | Villager (Male) |
| 15:47 | Crear | Villager (Male) |
| 15:48 | Crear | Villager (Male) |
| 16:07 | Construir | Castle |
| 16:41 | Crear | Skirmisher |
| 16:42 | Crear | Skirmisher |
| 18:41 | Construir | Mining Camp |
| 19:28 | Construir | Monastery |
| 20:00 | Investigar | Gold Shaft Mining |
| 20:19 | Investigar | Imperial Age |
| 20:30 | Crear | Skirmisher |
| 20:31 | Crear | Skirmisher |
| 20:31 | Crear | Skirmisher |
| 20:31 | Crear | Skirmisher |
| 21:08 | Construir | Lumber Camp |
| 21:16 | Construir | Mining Camp |
| 21:18 | Crear | Monk |
| 21:47 | Construir | Town Center |
| 23:12 | Investigar | Hand Cart |
| 23:25 | Investigar | Scale Mail Armor |
| 23:26 | Investigar | Leather Archer Armor |
| 23:29 | Edad | Edad Imperial |
| 24:01 | Crear | Trebuchet (Packed) |
| 24:01 | Crear | Trebuchet (Packed) |
| 24:23 | Construir | Lumber Camp |
| 24:27 | Construir | Farm |
| 24:39 | Construir | Farm |
| 24:44 | Crear | Trebuchet (Packed) |
| 25:01 | Crear | Skirmisher |
| 25:01 | Crear | Skirmisher |
| 25:02 | Crear | Skirmisher |
| 25:02 | Crear | Skirmisher |
| 25:02 | Crear | Skirmisher |
| 25:02 | Crear | Skirmisher |
| 25:43 | Investigar | Two-Man Saw |
| 26:02 | Crear | Trebuchet (Packed) |
| 26:12 | Crear | Trebuchet (Packed) |
| 26:16 | Investigar | Hussar (upgrade) |
| 26:17 | Investigar | Bloodlines |
| 26:22 | Investigar | Elite Skirmisher (upgrade) |
| 26:23 | Crear | Skirmisher |
| 26:23 | Crear | Skirmisher |
| 26:23 | Crear | Skirmisher |
| 26:39 | Construir | Mill |
| 27:00 | Crear | Skirmisher |
| 27:00 | Crear | Skirmisher |
| 27:00 | Crear | Skirmisher |
| 27:00 | Crear | Skirmisher |
| 27:01 | Crear | Skirmisher |
| 28:50 | Crear | Scout Cavalry |
| 28:50 | Crear | Scout Cavalry |
| 28:50 | Crear | Scout Cavalry |
| 28:50 | Crear | Scout Cavalry |
| 29:51 | Crear | Scout Cavalry |
| 29:51 | Crear | Scout Cavalry |
| 29:51 | Crear | Scout Cavalry |
| 29:52 | Crear | Scout Cavalry |
| 29:52 | Crear | Scout Cavalry |
| 30:42 | Construir | Mining Camp |
| 30:52 | Construir | Archery Range |
| 30:54 | Construir | Archery Range |
| 30:57 | Construir | Stable |
| 30:58 | Construir | Stable |
| 31:03 | Construir | Watch Tower |
| 31:04 | Construir | Watch Tower |
| 31:10 | Construir | Siege Workshop |
| 31:12 | Construir | Siege Workshop |
| 31:24 | Investigar | Heavy Camel Rider (upgrade) |
| 31:25 | Crear | Camel Scout |
| 31:25 | Crear | Camel Scout |
| 31:25 | Crear | Camel Scout |
| 31:25 | Crear | Camel Scout |
| 31:25 | Crear | Camel Scout |
| 31:26 | Crear | Camel Scout |
| 31:26 | Crear | Camel Scout |
| 31:31 | Crear | Skirmisher |
| 31:31 | Crear | Skirmisher |
| 31:31 | Crear | Skirmisher |
| 31:32 | Crear | Skirmisher |
| 31:32 | Crear | Skirmisher |
| 31:35 | Investigar | Ring Archer Armor |
| 31:35 | Investigar | Chain Mail Armor |
| 31:53 | Construir | Watch Tower |
| 31:54 | Construir | Watch Tower |
| 31:59 | Construir | Mining Camp |
| 32:13 | Crear | Skirmisher |
| 32:13 | Crear | Skirmisher |
| 32:14 | Crear | Skirmisher |
| 32:14 | Crear | Skirmisher |
Cronología de la partida
| 1:54 | pbarnier543 · first_building Archery Range |
| 3:09 | pbarnier543 · first_building Stable |
| 6:45 | AYUDIOS · first_building Stable |
| 8:32 | AYUDIOS · age_up castle |
| 12:08 | AYUDIOS · first_building Archery Range |
| 14:06 | AYUDIOS · first_market_buy 100 wood |
| 14:15 | AYUDIOS · first_building Monastery |
| 14:56 | pbarnier543 · age_up castle |
| 15:24 | pbarnier543 · first_building Castle |
| 16:07 | AYUDIOS · first_building Castle |
| 18:59 | AYUDIOS · first_market_sell 100 food |
| 23:29 | AYUDIOS · age_up imperial |
| 25:37 | pbarnier543 · age_up imperial |
| 31:10 | AYUDIOS · first_building Siege Workshop |
| 43:08 | AYUDIOS · resign |
[ ANÁLISIS IA · 1 CRÉDITO ]
¿Qué pasó realmente en esta partida?
Wolo.gg analiza cada decisión: build order, eco, micro, errores típicos por bracket. Análisis personalizado por WhatsApp o Discord en 30 segundos.
Guía civ
Teutones
Guía mapa
Glacis
Perfil
pbarnier543